 Dungeon Crawl Stone Soup version 0.17-a0-131-ga9cda9c (webtiles) character file.

56 tjtr the Conjurer (level 3, -4/15 HPs)
             Began as a Felid Conjurer on Mar 24, 2015.
             Slain by a worker ant (7 damage)
             ... on level 3 of the Dungeon.
             The game lasted 00:15:48 (2112 turns).

tjtr the Conjurer (Felid Conjurer)                  Turns: 2112, Time: 00:15:48

Health: -4/15      AC:  1    Str:  4    XL:     3   Next: 71%
Magic:  7/8        EV: 23    Int: 16    God:
Gold:   123        SH:  0    Dex: 17    Spells: 2 memorised, 3 levels left
                                        Lives:  0   Deaths: 0

rFire  . . .     SeeInvis +     (weapon unavailable)
rCold  . . .     Clarity  .     (armour unavailable)
rNeg   . . .     SustAb   .     (shield unavailable)
rPois  .         Gourm    .     (helmet unavailable)
rElec  .         Spirit   .     (cloak unavailable)
rCorr  .         Warding  .     (gloves unavailable)
rMut   .         Stasis   .     (boots unavailable)
MR     .....                    (no amulet)
Stlth  +++.......               h - +5 ring of evasion
                                (no ring)

@: very slightly contaminated, quick, not resistant to hostile enchantments,
fairly stealthy
A: paw claws, no armour, no weapons or thrown items, fangs 3, see invisible,
carnivore 3, speed 1, shaggy fur 1, slow metabolism 1, sharp paws
a: no special abilities


You were on level 3 of the Dungeon.
You were full.

You visited 1 branch of the dungeon, and saw 3 of its levels.

You collected 123 gold pieces.

Inventory:

Jewellery
 h - a +5 ring of evasion (right paw)
Scrolls
 k - a scroll of fog
Potions
 d - a potion of cancellation {unknown}
 e - a potion of curing {unknown}
 f - a potion of heal wounds {unknown}
Books
 c - a book of Conjurations

   Spells                             Type                      Level
   a - Magic Dart                     Conjuration                  1
   b - Searing Ray                    Conjuration                  2
   c - Dazzling Spray                 Conjuration/Hexes            3
   d - Fulminant Prism                Conjuration/Hexes            4
   e - Iskenderun's Mystic Blast      Conjuration                  4
   f - Iskenderun's Battlesphere      Conjuration/Charms           5
Comestibles
 b - a meat ration
 g - a royal jelly
 i - 2 slices of pizza
 j - 2 bread rations


   Skills:
 + Level 0.4 Fighting
 + Level 3.2 Dodging
 + Level 3.0 Stealth
 + Level 0.8 Unarmed Combat
 + Level 2.2 Spellcasting
 + Level 4.3 Conjurations


You had 3 spell levels left.
You knew the following spells:

 Your Spells              Type           Power        Failure   Level  Hunger
a - Magic Dart            Conj           ###.         4%          1    #......
b - Searing Ray           Conj           ###...       8%          2    ###....


Dungeon Overview and Level Annotations

Branches:
Dungeon (3/15)

Altars:
Xom


Innate Abilities, Weirdness & Mutations

You cannot wear armour.
You are incapable of wielding weapons or throwing items.
You have razor-sharp teeth.
You have supernaturally acute eyesight.
You are carnivorous and can eat meat at any time.
You cover ground quickly.
You are covered in fur (AC +1).
You have a slow metabolism.
Your paws have sharp claws that are effective at stabbing.


Message History

You miscast Searing Ray.
You are very lightly contaminated with residual magic.
You are momentarily dazzled by a flash of light!
Eat which item? (? for menu, Esc to quit)
You continue eating. x2
You finish eating.
That meat ration really hit the spot!
You scratch the worker ant but do no damage.
The worker ant closely misses you. The worker ant misses you.
You barely miss the worker ant. The worker ant bites you.
You barely miss the worker ant. The worker ant misses you.
You scratch the worker ant but do no damage.
The worker ant bites you but does no damage.
You scratch the worker ant but do no damage.
Your bite misses the worker ant. The worker ant bites you.
* * * LOW HITPOINT WARNING * * *
You scratch the worker ant but do no damage.
The worker ant misses you. x2
You scratch the worker ant but do no damage.
The worker ant bites you!
You die...

#.#,.# **,* #.#
...,## **,,* #.#
..#** *,..* #.#
#.#* *,*.#*#.#
*,,** *,*,.,#.#
**,,******,**#.#.#
**,,,,,**,* #.#.##
*****,*,,**#....#
*,,,,,*##>@.#**
*,,,,,**#.a...#*
*,,,,,*#.......#*
**,,,,#........)#
**,,*##.......##
**** ##.....##
#######


You could see a worker ant.

Vanquished Creatures
  Ijyb (D:2)
  A worm (D:2)
  A giant gecko (D:1)
  7 hobgoblins
  4 kobolds
  2 quokkas (D:3)
  A ball python (D:1)
  4 bats
  2 giant cockroaches (D:2)
  2 giant newts (D:2)
  3 goblins (D:1)
  5 rats
33 creatures vanquished.

Vanquished Creatures (others)
  5 toadstools (D:1)
5 creatures vanquished.

Grand Total: 38 creatures vanquished

Notes
Turn   | Place    | Note
--------------------------------------------------------------
     0 | D:1      | tjtr, the Felid Conjurer, began the quest for the Orb.
     0 | D:1      | Reached XP level 1. HP: 7/7 MP: 4/4
   308 | D:1      | Reached XP level 2. HP: 6/11 MP: 3/5
   397 | D:1      | Learned a level 2 spell: Searing Ray
   469 | D:1      | Reached skill level 4 in Conjurations
  1069 | D:2      | Noticed Ijyb
  1169 | D:2      | Killed Ijyb
  1169 | D:2      | Reached XP level 3. HP: 5/14 MP: 1/8
  1913 | D:2      | Found a shimmering altar of Xom.
  2112 | D:3      | Slain by a worker ant

Action                   || total
-------------------------++-------
Melee: Unarmed           ||    80
 Cast: Magic Dart        ||    31
       Searing Ray       ||     7
  Use: Scroll            ||     5
  Eat: Meat ration       ||     1
       Chunk             ||     1
